[Event "January 2 Late 2024"]
[Site "https://www.chess.com"]
[Date "2024.01.02"]
[Round "11"]
[White "Negron Lizarazo, Juan Sebastian"]
[Black "Vargas, Mauricio"]
[Result "0-1"]
[Board "137"]
[TimeControl "180+1"]
[WhiteFideId "3936910"]
[BlackFideId "4404572"]
[WhiteElo "2161"]
[BlackElo "1828"]
[WhiteTeam "COL"]
[BlackTeam "COL"]
[WhiteClock "0:01:38"]
[BlackClock "0:01:42"]

1. e4 c5 2. Nc3 d6 3. g3 a6 4. Bg2 Nc6 5. d3 Nf6 6. h3 b5 7. Be3 Bb7 8. Qd2 e6 9. f4 Be7 10. Nf3 d5 11. e5 d4 12. exf6 dxe3 13. Qxe3 Bxf6 14. Qxc5 Rc8 15. Qf2 O-O 16. O-O Nd4 17. Rac1 Nxf3+ 18. Qxf3 Bxf3 19. Bxf3 Bxc3 20. bxc3 Rxc3 21. Kg2 Qc7 22. Rf2 Rc8 23. Bd1 Rxd3 0-1

[Event "January 2 Late 2024"]
[Site "https://www.chess.com"]
[Date "2024.01.02"]
[Round "11"]
[White "Smirnov, Timofey"]
[Black "Anna20240"]
[Result "1-0"]
[Board "138"]
[TimeControl "180+1"]
[WhiteFideId "24176427"]
[WhiteElo "1992"]
[BlackElo "1815"]
[WhiteTeam "RUS"]
[WhiteClock "0:00:11"]
[BlackClock "0:00:13"]

1. d4 d5 2. Bf4 e6 3. e3 Nf6 4. Nd2 Bd6 5. Bg3 O-O 6. Ngf3 c5 7. c3 Nc6 8. Bd3 c4 9. Bc2 h6 10. Ne5 Qc7 11. Ndf3 Ne4 12. Nxc6 Nxg3 13. hxg3 bxc6 14. e4 dxe4 15. Bxe4 f5 16. Bc2 e5 17. dxe5 Bxe5 18. O-O Bb7 19. Nxe5 Qxe5 20. Re1 Qd5 21. Qf3 Rae8 22. Rxe8 Rxe8 23. Qxf5 Qxf5 24. Bxf5 Re2 25. Rb1 Kf7 26. Bg4 Rd2 27. Kf1 c5 28. Bf3 Bc8 29. Ke1 Rd8 30. Rd1 Rxd1+ 31. Kxd1 Bf5 32. Kd2 Ke6 33. Be2 Ke5 34. Bxc4 g5 35. Be2 Bb1 36. a3 a5 37. Bd3 Ba2 38. Ke3 Bd5 39. f3 c4 40. Be2 Be6 41. f4+ Kf5 42. g4+ Kf6 43. f5 Bd5 44. Bf3 Ke5 45. Bxd5 Kxd5 46. g3 Ke5 47. f6 Kxf6 48. Kd4 Ke6 49. Kxc4 Ke5 50. Kb5 Ke4 51. c4 Kf3 52. c5 Kxg3 53. c6 Kxg4 54. c7 Kh3 55. c8=Q+ g4 56. Qh8 g3 57. Qxh6+ Kg2 58. Kxa5 Kf2 59. Qg5 g2 60. Kb6 g1=Q 61. Qxg1+ Kxg1 62. a4 Kf1 63. a5 Ke1 64. a6 Kd1 65. a7 Kc1 66. a8=Q Kxb2 67. Qf3 Kc1 68. Qe2 Kb1 69. Qd2 Ka1 70. Kb5 Kb1 71. Kb4 Ka1 72. Kb3 1-0

[Event "January 2 Late 2024"]
[Site "https://www.chess.com"]
[Date "2024.01.02"]
[Round "11"]
[White "Gulamirian, Korun"]
[Black "Belanoff, Ted"]
[Result "0-1"]
[Board "139"]
[TimeControl "180+1"]
[WhiteFideId "4144899"]
[BlackFideId "2070588"]
[WhiteElo "1596"]
[BlackElo "2213"]
[WhiteTeam "RUS"]
[BlackTeam "USA"]
[WhiteClock "0:00:00"]
[BlackClock "0:00:40"]

1. e4 e5 2. Nf3 Bc5 3. Bc4 d6 4. c3 Bg4 5. O-O Nc6 6. b4 Bb6 7. a4 a5 8. b5 Nb8 9. Bxf7+ Kxf7 10. Nxe5+ dxe5 11. Qxg4 Nf6 12. Qf3 Nd7 13. Na3 Nc5 14. Nc4 Re8 15. d4 Nxe4 16. Nxb6 cxb6 17. Re1 exd4 18. cxd4 Qxd4 19. Be3 Qe5 20. Rac1 Qh5 21. Rc7+ Kg8 22. Bxb6 Qxf3 23. gxf3 Ng5 24. Rxe8+ Rxe8 25. Kg2 Nd5 26. Rxb7 Nf4+ 27. Kg3 Ne2+ 28. Kg4 Ne6 29. Bxa5 Rf8 30. Bd2 g6 31. f4 N2xf4 32. a5 h5+ 33. Kg3 Ne2+ 34. Kg2 Nc5 35. Re7 Nd4 36. Bc3 Nf5 37. Rc7 Ne4 38. Bb2 Nh4+ 39. Kg1 Rd8 40. Rc1 Rd5 41. b6 Rb5 42. a6 Nd6 43. a7 Ra5 44. Rc8+ Nxc8 45. b7 Nxa7 46. b8=Q+ Kf7 0-1